| TOP OF THE 1ST |
|
Binghamton Mets batting - Pitching for Great Lakes Loons : RHP Adonis Loyd
|
|
Pitching: RHP Adonis Loyd
|
|
|
Batting: LHB Joel Soto
|
0-0: Ball 1-0: Foul Ball, location: 2F 1-1: SINGLE (Line Drive, 5D, EV 101.3 MPH)
|
|
Batting: RHB Steve Dunaway
|
0-0: Foul Ball, location: 2F 0-1: Hit by Pitch Joel Soto to second
|
|
Batting: SHB Alex Orozco
|
0-0: Ball 1-0: Ball 2-0: Foul Ball, location: 2F 2-1: Swinging Strike 2-2: Ball 3-2: Base on Balls Joel Soto to third Steve Dunaway to second
|
|
Batting: RHB Andy Solorzano
|
0-0: Ball 1-0: GRAND SLAM HOME RUN (Flyball, 9LD, EV 91.3 MPH), Distance : 336 ft
|
|
Batting: LHB Nate Trahan
|
0-0: Called Strike 0-1: Ground out U3 (Groundball, 3, EV 88.1 MPH)
|
|
Batting: RHB Chris Nelson
|
0-0: Foul Ball, location: 2F 0-1: Foul Ball, location: 2F 0-2: Strikes out swinging
|
|
Batting: LHB Willie Cintron
|
0-0: Called Strike 0-1: Called Strike 0-2: Strikes out swinging
|
| Top of the 1st over - 4 runs, 2 hits, 0 errors, 0 left on base; Binghamton 4 - Great Lakes 0 |
| BOTTOM OF THE 1ST |
|
Great Lakes Loons batting - Pitching for Binghamton Mets : LHP Andy Shearn
|
|
Pitching: LHP Andy Shearn
|
|
|
Batting: RHB Ken Jenkins
|
0-0: Reached on error, E4 (Groundball, 4S, EV 88.1 MPH)
|
|
Batting: RHB Alex Mejia
|
0-0: Ball 1-0: Foul Ball, location: 2F 1-1: Foul Ball, location: 2F 1-2: Strikes out looking
|
|
Batting: LHB Antonio Luis
|
0-0: Called Strike 0-1: Swinging Strike 0-2: Ground out 6-3 (Groundball, 4M, EV 80.0 MPH) Ken Jenkins to second
|
|
Batting: RHB Mike Sims
|
0-0: SINGLE (Line Drive, 78S, EV 97.5 MPH) Ken Jenkins to third Runner from 3rd tries for Home, SAFE, throw by LF to home
|
|
Batting: LHB Jim Chalk
|
0-0: Called Strike 0-1: Swinging Strike 0-2: Ball 1-2: Foul Ball, location: 2F 1-2: Ball 2-2: Strikes out swinging
|
| Bottom of the 1st over - 1 run, 1 hit, 1 error, 1 left on base; Binghamton 4 - Great Lakes 1 |
| TOP OF THE 2ND |
|
Binghamton Mets batting - Pitching for Great Lakes Loons : RHP Adonis Loyd
|
|
Batting: RHB Matt Skipper
|
0-0: Foul Ball, location: 2F 0-1: Called Strike 0-2: Ground out 6-3 (Groundball, 56, EV 78.8 MPH)
|
|
Batting: LHB Elmo Dreier
|
0-0: Ball 1-0: Foul Ball, location: 2F 1-1: Ball 2-1: Swinging Strike 2-2: TRIPLE (Groundball, 3L, EV 108.1 MPH)
|
|
Batting: LHB Joel Soto
|
0-0: Ball 1-0: Ball 2-0: Swinging Strike 2-1: Swinging Strike 2-2: Ball 3-2: Foul Ball, location: 2F 3-2: Foul Ball, location: 2F 3-2: Strikes out swinging
|
|
Batting: RHB Steve Dunaway
|
0-0: Called Strike 0-1: Ground out 6-3 (Groundball, 6, EV 85.6 MPH)
|
| Top of the 2nd over - 0 runs, 1 hit, 0 errors, 1 left on base; Binghamton 4 - Great Lakes 1 |
| BOTTOM OF THE 2ND |
|
Great Lakes Loons batting - Pitching for Binghamton Mets : LHP Andy Shearn
|
|
Batting: LHB Alberto Chavez
|
0-0: Ground out 6-3 (Groundball, 4MD, EV 105.6 MPH)
|
|
Batting: RHB Phil Knox
|
0-0: Swinging Strike 0-1: Ball 1-1: Foul Ball, location: 2F 1-2: Foul Ball, location: 2F 1-2: Ball 2-2: Fly out, F8 (Flyball, 8RXD, EV 83.8 MPH)
|
|
Batting: RHB Josh Kimbrell
|
0-0: Ball 1-0: Foul Ball, location: 2F 1-1: Swinging Strike 1-2: Ball 2-2: Ground out 4-3 (Groundball, 34, EV 95.0 MPH)
|
| Bottom of the 2nd over - 0 runs, 0 hits, 0 errors, 0 left on base; Binghamton 4 - Great Lakes 1 |
| TOP OF THE 3RD |
|
Binghamton Mets batting - Pitching for Great Lakes Loons : RHP Adonis Loyd
|
|
Batting: SHB Alex Orozco
|
0-0: Swinging Strike 0-1: Foul Ball, location: 2F 0-2: Ground out 4-3 (Groundball, 4, EV 103.8 MPH)
|
|
Batting: RHB Andy Solorzano
|
0-0: Ball 1-0: Ball 2-0: Ball 3-0: Called Strike 3-1: Ground out 5-3 (Groundball, 56, EV 103.8 MPH)
|
|
Batting: LHB Nate Trahan
|
0-0: Called Strike 0-1: Fly out, F4 (Popup, 4M, EV 73.1 MPH)
|
| Top of the 3rd over - 0 runs, 0 hits, 0 errors, 0 left on base; Binghamton 4 - Great Lakes 1 |
| BOTTOM OF THE 3RD |
|
Great Lakes Loons batting - Pitching for Binghamton Mets : LHP Andy Shearn
|
|
Batting: RHB Santos Guadalupe
|
0-0: Called Strike 0-1: Foul Ball, location: 2F 0-2: Ground out 4-3 (Groundball, 4M, EV 101.3 MPH)
|
|
Batting: RHB Ken Jenkins
|
0-0: Called Strike 0-1: Ground out U3 (Groundball, 3, EV 100.6 MPH)
|
|
Batting: RHB Alex Mejia
|
0-0: Ball 1-0: Called Strike 1-1: Called Strike 1-2: Ball 2-2: Strikes out swinging
|
| Bottom of the 3rd over - 0 runs, 0 hits, 0 errors, 0 left on base; Binghamton 4 - Great Lakes 1 |
| TOP OF THE 4TH |
|
Binghamton Mets batting - Pitching for Great Lakes Loons : RHP Adonis Loyd
|
|
Batting: RHB Chris Nelson
|
0-0: Called Strike 0-1: Swinging Strike 0-2: Ball 1-2: Strikes out swinging
|
|
Batting: LHB Willie Cintron
|
0-0: Called Strike 0-1: Ground out 3-1 (Groundball, 34S, EV 83.8 MPH)
|
|
Batting: RHB Matt Skipper
|
0-0: Fly out, F9 (Line Drive, 9, EV 89.4 MPH)
|
| Top of the 4th over - 0 runs, 0 hits, 0 errors, 0 left on base; Binghamton 4 - Great Lakes 1 |
| BOTTOM OF THE 4TH |
|
Great Lakes Loons batting - Pitching for Binghamton Mets : LHP Andy Shearn
|
|
Batting: LHB Antonio Luis
|
0-0: Called Strike 0-1: Ball 1-1: Fly out, F7 (Flyball, 7, EV 82.5 MPH)
|
|
Batting: RHB Mike Sims
|
0-0: Fly out, F7 (Flyball, 78M, EV 92.5 MPH)
|
|
Batting: LHB Jim Chalk
|
0-0: Ball 1-0: Ball 2-0: Ball 3-0: Called Strike 3-1: Called Strike 3-2: Foul Ball, location: 2F 3-2: Fly out, F4 (Flyball, 4D, EV 84.4 MPH)
|
| Bottom of the 4th over - 0 runs, 0 hits, 0 errors, 0 left on base; Binghamton 4 - Great Lakes 1 |
| TOP OF THE 5TH |
|
Binghamton Mets batting - Pitching for Great Lakes Loons : RHP Adonis Loyd
|
|
Batting: LHB Elmo Dreier
|
0-0: Hit by Pitch
|
|
Batting: LHB Joel Soto
|
0-0: Called Strike 0-1: Ball Passed Ball! Elmo Dreier to second 1-1: Called Strike 1-2: DOUBLE (Groundball, 3L, EV 97.5 MPH) Elmo Dreier scores
|
|
Pitching: LHP Bill Esten
|
|
|
Batting: RHB Steve Dunaway
|
0-0: Called Strike 0-1: Called Strike 0-2: Ball 1-2: Strikes out looking
|
|
Batting: SHB Alex Orozco
|
0-0: Called Strike 0-1: Fly out, F2 (Popup, 23F, EV 80.0 MPH)
|
|
Batting: RHB Andy Solorzano
|
0-0: Intentional Walk
|
|
Batting: LHB Nate Trahan
|
0-0: Ball 1-0: SINGLE (Groundball, 6MS, EV 68.8 MPH) (infield hit) Joel Soto to third Andy Solorzano to second
|
|
Batting: RHB Chris Nelson
|
0-0: Called Strike 0-1: Foul Ball, location: 2F 0-2: Ball 1-2: Foul Ball, location: 2F 1-2: Ball 2-2: DOUBLE (Groundball, 3L, EV 100.0 MPH) Joel Soto scores Andy Solorzano scores Nate Trahan to third
|
|
Batting: LHB Willie Cintron
|
0-0: Ball 1-0: Called Strike 1-1: Ball 2-1: Foul Ball, location: 2F 2-2: Strikes out looking
|
| Top of the 5th over - 3 runs, 3 hits, 0 errors, 2 left on base; Binghamton 7 - Great Lakes 1 |
| BOTTOM OF THE 5TH |
|
Great Lakes Loons batting - Pitching for Binghamton Mets : LHP Andy Shearn
|
|
Batting: LHB Alberto Chavez
|
0-0: Ball 1-0: Ball 2-0: Ball 3-0: Base on Balls
|
|
Batting: RHB Phil Knox
|
0-0: Fly out, F7 (Flyball, 7LM, EV 97.5 MPH)
|
|
Batting: RHB Josh Kimbrell
|
0-0: Ball 1-0: Foul Ball, location: 2F 1-1: Swinging Strike 1-2: Ball 2-2: Grounds into double play, 3-6-3 (Groundball, 34, EV 90.0 MPH)
|
| Bottom of the 5th over - 0 runs, 0 hits, 0 errors, 0 left on base; Binghamton 7 - Great Lakes 1 |
| TOP OF THE 6TH |
|
Binghamton Mets batting - Pitching for Great Lakes Loons : LHP Bill Esten
|
|
Batting: RHB Matt Skipper
|
0-0: Called Strike 0-1: SINGLE (Groundball, 34D, EV 94.4 MPH)
|
|
Batting: LHB Elmo Dreier
|
0-0: Ball 1-0: DOUBLE (Line Drive, 7LS, EV 108.8 MPH) Matt Skipper to third Runner from 3rd tries for Home, SAFE, throw by LF to trailing runner, OUT at third! 7-3-5
|
|
Batting: LHB Joel Soto
|
0-0: Called Strike 0-1: Called Strike 0-2: Strikes out swinging
|
|
Batting: RHB Steve Dunaway
|
0-0: Called Strike 0-1: Ground out 5-3 (Groundball, 56, EV 85.0 MPH)
|
| Top of the 6th over - 1 run, 2 hits, 0 errors, 0 left on base; Binghamton 8 - Great Lakes 1 |
| BOTTOM OF THE 6TH |
|
Great Lakes Loons batting - Pitching for Binghamton Mets : LHP Andy Shearn
|
|
Batting: RHB Santos Guadalupe
|
0-0: Called Strike 0-1: Ball 1-1: Ball 2-1: Fly out, F7 (Flyball, 7, EV 83.8 MPH)
|
|
Batting: RHB Ken Jenkins
|
0-0: Ground out 6-3 (Groundball, 56, EV 85.0 MPH)
|
|
Batting: RHB Alex Mejia
|
0-0: Called Strike 0-1: Ball 1-1: SINGLE (Line Drive, 4MD, EV 103.8 MPH)
|
|
Batting: LHB Antonio Luis
|
0-0: Called Strike 0-1: Called Strike 0-2: Fielders Choice at 2nd, 6-5 (Groundball, 6M, EV 91.3 MPH)
|
| Bottom of the 6th over - 0 runs, 1 hit, 0 errors, 1 left on base; Binghamton 8 - Great Lakes 1 |
| TOP OF THE 7TH |
|
Binghamton Mets batting - Pitching for Great Lakes Loons : LHP Bill Esten
|
|
Pinch Hitting: RHB Joe Barker
|
0-0: Called Strike 0-1: Swinging Strike 0-2: Ball 1-2: Foul Ball, location: 2F 1-2: Ball 2-2: Ball 3-2: Strikes out swinging
|
|
Batting: RHB Andy Solorzano
|
0-0: Called Strike 0-1: Swinging Strike 0-2: SINGLE (Flyball, 7LS, EV 103.1 MPH)
|
|
Batting: LHB Nate Trahan
|
0-0: Called Strike 0-1: Swinging Strike 0-2: Ball Passed Ball! Andy Solorzano to second 1-2: Ground out 2-3 (Groundball, 15S, EV 68.1 MPH) Andy Solorzano to third
|
|
Batting: RHB Chris Nelson
|
0-0: Called Strike 0-1: Called Strike 0-2: Hit by Pitch
|
|
Batting: LHB Willie Cintron
|
0-0: Called Strike 0-1: Called Strike 0-2: Strikes out looking
|
| Top of the 7th over - 0 runs, 1 hit, 0 errors, 2 left on base; Binghamton 8 - Great Lakes 1 |
| BOTTOM OF THE 7TH |
|
Great Lakes Loons batting - Pitching for Binghamton Mets : LHP Andy Shearn
|
|
Now at 1B: Joe Kooyers
|
|
|
Batting: RHB Mike Sims
|
0-0: SINGLE (Line Drive, 8LS, EV 95.6 MPH)
|
|
Pinch Hitting: RHB Matt Fields
|
0-0: Called Strike 0-1: Foul Ball, location: 2F 0-2: Foul Ball, location: 2F 0-2: Ball 1-2: Foul Ball, location: 2F 1-2: Foul Ball, location: 2F 1-2: Grounds into double play, 6-4-3 (Groundball, 6, EV 85.6 MPH)
|
|
Pinch Hitting: RHB Jeremy Beltron
|
0-0: Ball 1-0: Called Strike 1-1: Ball 2-1: Foul Ball, location: 2F 2-2: Strikes out looking
|
| Bottom of the 7th over - 0 runs, 1 hit, 0 errors, 0 left on base; Binghamton 8 - Great Lakes 1 |
| TOP OF THE 8TH |
|
Binghamton Mets batting - Pitching for Great Lakes Loons : LHP Bill Esten
|
|
Now at 1B: Jayden Copeland
|
|
|
Now in LF: Matt Fields
|
|
|
Batting: RHB Matt Skipper
|
0-0: Ball 1-0: Ball 2-0: Called Strike 2-1: Foul Ball, location: 2F 2-2: Strikes out swinging
|
|
Batting: LHB Elmo Dreier
|
0-0: Ball 1-0: SINGLE (Groundball, 34D, EV 108.8 MPH)
|
|
Pitching: RHP Mark McDonald
|
|
|
Batting: LHB Joel Soto
|
0-0: Ball 1-0: Ball Elmo Dreier steals 2nd base 2-0: Called Strike 2-1: Fly out, F5 (Line Drive, 5, EV 68.8 MPH)
|
|
Batting: RHB Steve Dunaway
|
0-0: Called Strike 0-1: Hit by Pitch
|
|
Batting: RHB Joe Kooyers
|
0-0: Called Strike 0-1: Ball 1-1: Foul Ball, location: 2F 1-2: Ground out 4-3 (Groundball, 4, EV 108.8 MPH)
|
| Top of the 8th over - 0 runs, 1 hit, 0 errors, 2 left on base; Binghamton 8 - Great Lakes 1 |
| BOTTOM OF THE 8TH |
|
Great Lakes Loons batting - Pitching for Binghamton Mets : LHP Andy Shearn
|
|
Batting: RHB Phil Knox
|
0-0: Called Strike 0-1: Ball 1-1: Ball 2-1: Ball 3-1: Fly out, F9 (Flyball, 9, EV 88.1 MPH)
|
|
Batting: RHB Josh Kimbrell
|
0-0: Foul Ball, location: 2F 0-1: Foul Ball, location: 2F 0-2: Ball 1-2: Ball 2-2: SINGLE (Groundball, 34D, EV 94.4 MPH)
|
|
Batting: RHB Santos Guadalupe
|
0-0: Ball 1-0: Ball 2-0: Foul Ball, location: 2F 2-1: Ball 3-1: SINGLE (Flyball, 5D, EV 94.4 MPH) Josh Kimbrell to second
|
|
Pitching: LHP Matt Allert
|
|
|
Batting: RHB Ken Jenkins
|
0-0: Foul Ball, location: 2F 0-1: Called Strike 0-2: Foul Ball, location: 2F 0-2: Ball 1-2: Ball 2-2: DOUBLE (Line Drive, 78D, EV 112.5 MPH) Josh Kimbrell scores Santos Guadalupe to third
|
|
Batting: RHB Alex Mejia
|
0-0: Called Strike 0-1: Ball 1-1: Called Strike 1-2: Foul Ball, location: 2F 1-2: 3-RUN HOME RUN (Line Drive, 7D, EV 100.0 MPH), Distance : 382 ft
|
|
Pinch Hitting: RHB Jerry Sanchez
|
0-0: Ball 1-0: Foul Ball, location: 2F 1-1: Ball 2-1: Ground out 6-3 (Groundball, 56, EV 92.5 MPH)
|
|
Batting: RHB Mike Sims
|
0-0: Called Strike 0-1: Ground out 5-3 (Groundball, 5, EV 90.0 MPH)
|
| Bottom of the 8th over - 4 runs, 4 hits, 0 errors, 0 left on base; Binghamton 8 - Great Lakes 5 |
| TOP OF THE 9TH |
|
Binghamton Mets batting - Pitching for Great Lakes Loons : RHP Mark McDonald
|
|
Now in RF: Chris Barrera
|
|
|
Batting: RHB Andy Solorzano
|
0-0: Called Strike 0-1: Ball 1-1: Swinging Strike 1-2: Fly out, F9 (Flyball, 9LS, EV 91.9 MPH)
|
|
Batting: LHB Nate Trahan
|
0-0: Called Strike 0-1: DOUBLE (Line Drive, 3D, EV 101.3 MPH)
|
|
Batting: RHB Chris Nelson
|
0-0: Ball Wild Pitch! Nate Trahan to third 1-0: Called Strike 1-1: Foul Ball, location: 2F 1-2: Ball 2-2: Foul Ball, location: 2F 2-2: Ball 3-2: Base on Balls
|
|
Batting: LHB Willie Cintron
|
0-0: Ball 1-0: SINGLE (Groundball, 56D, EV 98.8 MPH) Nate Trahan scores Chris Nelson to second
|
|
Batting: RHB Matt Skipper
|
0-0: Swinging Strike 0-1: Called Strike 0-2: Ball 1-2: Strikes out swinging
|
|
Batting: LHB Elmo Dreier
|
0-0: Ball 1-0: Swinging Strike 1-1: Fielders Choice at 2nd, U4 (Groundball, 4M, EV 98.1 MPH)
|
| Top of the 9th over - 1 run, 2 hits, 0 errors, 2 left on base; Binghamton 9 - Great Lakes 5 |
| BOTTOM OF THE 9TH |
|
Great Lakes Loons batting - Pitching for Binghamton Mets : LHP Matt Allert
|
|
Pitching: LHP Jonathan Gendron
|
|
|
Batting: RHB Matt Fields
|
0-0: Ball 1-0: Ball 2-0: SINGLE (Line Drive, 34D, EV 99.4 MPH)
|
|
Batting: RHB Jayden Copeland
|
0-0: Ball 1-0: Called Strike 1-1: Ball 2-1: Foul Ball, location: 2F 2-2: Ground out 6-3 (Groundball, 6MS, EV 68.1 MPH) Matt Fields to second
|
|
Batting: RHB Phil Knox
|
0-0: Called Strike 0-1: Ground out 4-3 (Groundball, 4M, EV 77.5 MPH) Matt Fields to third
|
|
Batting: RHB Josh Kimbrell
|
0-0: Ball 1-0: Called Strike 1-1: Called Strike 1-2: Strikes out swinging
|
| Bottom of the 9th over - 0 runs, 1 hit, 0 errors, 1 left on base; Binghamton 9 - Great Lakes 5 |
|